Map: Para Site LE

Players

Ryahri

  • Race: Protoss Protoss
  • Spawn Location: 11:00

Smileblind - Winner!

  • Race: Zerg Zerg
  • League: Silver
  • Spawn Location: 5:00

VOD

Have the link to the VOD?

Description

Time

  • Played on: Jan. 15, 2019, 10:30 p.m.
  • Length: 10:04
Show
View Real Time Build Order
Export as new Build Order

Ryahri Protoss 

Build Orders:  

Get SALT Encoding   

  12  0:15  Pylon, Probe  
  13  0:29  Probe  
  13  0:34  Gateway  
  14  0:41  Probe  
  15  0:47  Assimilator  
  15  0:53  Probe  
  16  1:05  Probe  
  17  1:17  Probe  
  18  1:26  Cybernetics Core  
  18  1:50  Zealot  
  19  2:01  Probe  
  19  2:07  Assimilator  
  19  2:08  Nexus  
  20  2:10  Pylon  
  20  2:19  Zealot  
  22  2:26  Warp Gate  
  22  2:28  Probe  
  23  2:36  Pylon  
  23  2:46  Probe  
  24  3:04  Gateway  
  24  3:06  Gateway  
  24  3:07  Pylon  
  24  3:19  Probe  
  24  3:20  Stalker  
  27  3:27  Probe  
  28  3:36  Probe  
  28  3:38  Robotics Facility  
  30  3:48  Probe  
  27  4:16  Zealot x3  
  34  4:31  Probe  
  34  4:37  Probe  
  34  4:45  Probe  
  36  4:55  Probe  
  36  4:59  Probe  
  38  5:02  Stalker x3  
  38  5:06  Immortal  
  48  5:07  Probe  
  48  5:11  Probe  
  50  5:19  Probe  
  51  5:23  Twilight Council  
  50  5:57  Stalker x3  
  52  5:58  Charge  
  56  6:42  Robotics Facility  
  56  7:00  Pylon  
  55  7:09  Stalker x3  
  55  7:15  Pylon  
  61  7:20  Probe  
  61  7:32  Probe  
  61  7:33  Immortal  
  65  7:43  Pylon  
  65  7:48  Probe  
  65  7:49  Probe  
  66  7:56  Probe  
  68  8:05  Probe  
  68  8:12  Forge  
  69  8:15  Forge  
  69  8:17  Probe  
  70  8:26  Pylon  
  70  8:29  Pylon  
  70  8:37  Pylon  
  70  8:48  Probe  
  70  8:54  Photon Cannon  
  71  8:56  Probe  
  71  9:00  Assimilator  
  72  9:06  Probe, Zealot  
  72  9:07  Zealot x2  
  79  9:18  Probe  
Show
View Real Time Build Order
Export as new Build Order

Smileblind Zerg - Winner!

Build Orders: Pool First 

Get SALT Encoding   

  12  0:02  Drone  
  13  0:10  Drone  
  14  0:29  Spawning Pool  
  14  0:33  Overlord  
  13  0:39  Drone  
  14  0:51  Evolution Chamber  
  14  0:52  Drone x2  
  15  1:11  Overlord x2  
  15  1:19  Queen  
  17  1:26  Zergling x2  
  18  1:55  Extractor  
  18  1:57  Hatchery  
  16  2:02  Zergling x6  
  19  2:12  Queen  
  19  2:15  Zergling x2  
  22  2:32  Drone x4  
  26  2:46  Spine Crawler  
  25  3:06  Drone x3  
  25  3:07  Drone x2  
  25  3:11  Extractor  
  29  3:23  Metabolic Boost  
  29  3:25  Spine Crawler  
  28  3:29  Drone  
  28  3:31  Drone  
  30  3:41  Queen  
  32  3:51  Zergling x6  
  30  4:39  Drone x3  
  33  4:51  Drone  
  33  4:52  Drone x3  
  37  4:53  Drone x4  
  37  4:57  Queen  
  43  5:00  Zerg Melee Weapons Level 1  
  43  5:16  Drone  
  43  5:17  Spine Crawler, Drone  
  43  5:19  Overlord x3  
  41  6:00  Zergling x12  
  47  6:18  Zergling x10  
  51  6:19  Zergling x10  
  57  6:26  Overlord x3  
  57  6:27  Overlord x2  
  57  6:36  Queen  
  57  6:39  Queen  
  61  6:54  Zerg Missile Weapons Level 1  
  61  6:57  Zergling x10  
  66  7:02  Zergling x2  
  66  7:03  Zergling x8  
  71  7:12  Roach Warren, Queen  
  66  7:45  Drone x4  
  66  7:46  Drone  
  66  7:50  Extractor  
  70  7:55  Spine Crawler  
  69  8:08  Hatchery  
  69  8:10  Roach x6  
  69  8:11  Roach x3  
  86  8:23  Roach  
  86  8:24  Roach x2  
  92  8:30  Extractor  
  91  8:34  Drone  
  92  8:43  Burrow  
Tags
 
League
Silver
Matchup
PvZ
Opening
Pool First
Spawn Locations
Cross Positions
Add a new tag
Caveats
  • Supply blocks, unpowered buildings, or Contaminate may cause inaccurate times.
  • Supply counts are checked every 10 seconds.